cohdb
Replays
Latest Replays
All Replays
Popular Replays
Top Player Replays
Match Explorer
How It Works
Community
CoH3 Stats
Reddit
Sign in to upload your games and track your stats! →
Sign in with Steam
Match 42040342
Unlisted
Match 42040342
Overview
Messages
Build Orders
End
Kettenkrad Recon Vehicle
Selects Mechanized Battlegroup
Construct Infanterie Kompanie
MG 42 Machine Gun Team
Grenadier Squad
GrW 34 Mortar Team
Medical Station
Construct Panzergrenadier Kompanie
Pak 40 Anti-tank Gun Team
Panzergrenadier Squad
Support Elements
Selects Spotting Scopes
Nebelwerfer 42 Rocket Launcher Team
StuG III G Assault Gun
StuG III G Assault Gun
Selects Wespe Self-propelled Artillery
MG 42 Machine Gun Team
Panzergrenadier Squad
Selects Zeroing Artillery Barrage
StuG III G Assault Gun
Selects Raid Package
StuG III G Assault Gun
Pioneer Squad
Selects StuG Assault Group
Zeroing Artillery Barrage
Construct Panzer Kompanie
Panzergrenadier Squad
Stoßtruppen Squad
Selects Panther Heavy Tank
Panther Heavy Tank
Zeroing Artillery Barrage
zee captain
Brother
Pompidouh
BOBAFETT
Your best друг
kantera
0
0
Comments
sign in to comment!
No comments posted yet!